 Dungeon Crawl Stone Soup version 0.28.0-45-g0d030f2227 (webtiles) character file.

Game seed: 9150887284329033160

45 AnnaDunkelherz the Vexing (level 3, 0/24 HPs)
             Began as a Vampire Enchanter on Apr 17, 2022.
             Succumbed to an adder's poison
             ... on level 2 of the Dungeon.
             The game lasted 00:13:55 (1595 turns).

AnnaDunkelherz the Vexing (Vampire Enchanter)       Turns: 1595, Time: 00:13:56

Health: 0/24       AC:  2    Str:  7    XL:     3   Next: 42%
Magic:  3/6        EV: 13    Int: 19    God:
Gold:   61         SH:  0    Dex: 14    Spells: 1/6 levels left

rFire   . . .      SeeInvis +   a - +1 dagger
rCold   . . .      Faith    .   (no shield)
rNeg    . . .      Spirit   .   b - +0 robe
rPois   .          Reflect  .   (no helmet)
rElec   .          Harm     .   (no cloak)
rCorr   .          Rampage  .   (no gloves)
Will    .....                   (no boots)
Stlth   +++.......              (no amulet)
HPRegen 0.28/turn               (no ring)
MPRegen 0.10/turn               (no ring)

@: lethally poisoned (0 -> -4), confusing by touch, healing quickly
A: alive, fangs 3, see invisible, vampiric 2
a: Exsanguinate


You were on level 2 of the Dungeon.
You visited 1 branch of the dungeon, and saw 2 of its levels.

You collected 61 gold pieces.

Inventory:

Hand Weapons
 a - a +1 dagger (weapon)
 f - a +0 club
 h - a +0 club
 j - a +0 spear
 k - a +0 dagger
 m - a +0 dagger
 o - a +0 mace
Missiles
 e - 109 stones (quivered)
 g - 19 sling bullets
 i - 4 javelins
Armour
 b - a +0 robe (worn)
 l - a +0 robe
Scrolls
 d - 2 scrolls of teleportation {unknown}
Potions
 c - a potion of invisibility
 n - a potion of curing {unknown}


   Skills:
 + Level 0.1 Fighting
 + Level 1.2 Short Blades
 + Level 2.9 Dodging
 + Level 5.1 Stealth
 + Level 2.1 Spellcasting
 + Level 5.3 Hexes


You had one spell level left.
You knew the following spells:

 Your Spells              Type           Power      Damage    Failure   Level
a - Ensorcelled Hibernat  Hex/Ice        24%        N/A       9%          2
b - Confusing Touch       Hex            22%        N/A       5%          3

Your spell library contained the following spells:

 Spells                   Type           Power      Damage    Failure   Level
 Tukima's Dance           Hex            22%        N/A       5%          3
 Dazzling Flash           Conj/Hex       24%        N/A       17%         3


Dungeon Overview and Level Annotations

Branches:
Dungeon (2/15)

Altars:


Innate Abilities, Weirdness & Mutations

Your natural rate of healing is accelerated.
You have razor-sharp teeth.
You have supernaturally acute eyesight. (SInv)
You are afflicted with vampirism and can become a bat while bloodless.


Message History

You hit the goblin.
You kill the goblin!
e - 109 stones (gained 27)
There are no items here.
There is an open door here.
There is an open door here.
There is an open door here.
There is an open door here.
There is an open door here.
There is an open door here.
There is an open door here.
There is a stone staircase leading down here.
You climb downwards.
Found a club and a leather armour.
There is a stone staircase leading up here.
Casting: Confusing Touch (quite dangerous; 5% risk of failure)
Confirm with . or Enter, or press ? or * to list all spells.
The spell is quite dangerous to miscast (5% risk of failure)!
Continue anyway?
Your hands begin to glow red.
The adder hisses angrily.
The adder bites you.
You hit the adder but do no damage. The adder bites you but does no damage.
You hit the adder but do no damage. The adder bites you.
You are poisoned.
The adder poisons you! The adder bites you.
You are more poisoned.
The adder poisons you!
You closely miss the adder.
You feel sick.
The hobgoblin shouts!
The adder bites you. The endoplasm closely misses you.
You closely miss the adder.
You feel sick. The adder bites you.
* * * LOW HITPOINT WARNING * * *
You barely miss the adder.
You feel sick. The adder bites you.
* * * LOW HITPOINT WARNING * * *
The endoplasm freezes you.
You are frozen.
* * * LOW HITPOINT WARNING * * *
The adder bites you but does no damage.
You hit the adder but do no damage.
You die...

## # #.
###.#.## ####.
+.....<#......
#####.@S....).
#..J..g...
#.........
..........
.#.#......#
#.#. #...... #
#. ...[.. ##
######


You could see an adder, an endoplasm and a hobgoblin.

Vanquished Creatures
  A dart slug (D:1)
  4 ball pythons (D:1)
  2 endoplasms (D:1)
  A giant cockroach (D:1)
  5 goblins (D:1)
  8 hobgoblins (D:1)
  4 jackals (D:1)
  2 kobolds (D:1)
  2 quokkas (D:1)
  A bat (D:1)
  A frilled lizard (D:1)
  5 rats (D:1)
36 creatures vanquished.

Notes
Turn   | Place    | Note
-------+----------+-------------------------------------------
     0 | D:1      | AnnaDunkelherz the Vampire Enchanter began the quest for
                  | the Orb.
     0 | D:1      | Reached XP level 1. HP: 13/13 MP: 3/3
   218 | D:1      | Reached XP level 2. HP: 16/19 MP: 5/5
   260 | D:1      | Learned a level 2 spell: Ensorcelled Hibernation
   425 | D:1      | Reached skill level 5 in Hexes
   579 | D:1      | Gained mutation: You are afflicted with vampirism and can
                  | become a bat while bloodless. [Vampire growth]
   579 | D:1      | Reached XP level 3. HP: 24/24 MP: 6/6
   585 | D:1      | Learned a level 3 spell: Confusing Touch
   751 | D:1      | Reached skill level 5 in Stealth
  1179 | D:1      | Found a faded altar of an unknown god.
  1594 | D:2      | HP: 1/24 [frozen (1)]
  1595 | D:2      | Succumbed to an adder's poison

Illustrated notes

Levels and vault maps discovered:
D:1:      dpeg_arrival_morbid_curiosity, layout_loops_ring,
          hellmonk_ecumenical_altar_arch_garden
D:2:      layout_basic, mrwooster_statue_mirror

Skill      XL: |  1  2  3 |
---------------+----------+-----
Hexes          | 5 |  5.3
Stealth        | 5 |  5.1
Fighting       | |  0.1
Short Blades   | |  1.2
Dodging        | |  2.9
Spellcasting   | |  2.1

Action                   || total
-------------------------++-------
Melee: Dagger            ||   153
       Bite              ||    19
Throw: Stone             ||     2
 Cast: Ensorcelled Hiber ||     6
       Confusing Touch   ||     7
 Stab: Sleeping          ||     5
       Confused          ||     2
Armor: Robe              ||    24
Dodge: Dodged            ||    86
